 Dungeon Crawl Stone Soup version 0.31.0-11-ge490571c62 (webtiles) character file.

Game seed: 15037469350249878930

5697 Esekla the Slasher (level 10, -6/79 HPs)
             Began as a Vine Stalker Warper on Jan 30, 2024.
             Was a Believer of Vehumet.
             Mangled by an orc warrior
             ... wielding a +0 trident
              (8 damage)
             ... on level 9 of the Dungeon.
             The game lasted 00:40:52 (7033 turns).

Esekla the Slasher (Vine Stalker Warper)            Turns: 7033, Time: 00:40:53

Health: -6/79      AC: 15    Str: 15    XL:     10   Next: 76%
Magic:  0/30       EV: 13    Int: 17    God:    Vehumet [**....]
Gold:   516        SH:  5    Dex: 13    Spells: 17/23 levels left

rFire   . . .        a - +0 long sword
rCold   . . .        (no shield)
rNeg    . . .        K - +2 robe of the Saviour {Fly Slay+5}
rPois   .            j - +0 helmet
rElec   .            b - +0 cloak
rCorr   .            (no gloves)
SInv    .            B - +2 pair of boots
Will    +....        k - amulet of reflection Stlth
                     I - ring of magical power
HPRegen 1.13/turn    t - +4 ring of slaying
MPRegen 0.22/turn

%: reflection, guardian spirit
@: berserking, ice-armoured, flying, very quick
A: fangs 3, regeneration 1, magic shield, antimagic bite, no potion heal 2
a: Renounce Religion


You were on level 9 of the Dungeon.
You worshipped Vehumet.
Vehumet was pleased with you.
You visited 2 branches of the dungeon, and saw 10 of its levels.
You also visited: Ossuary.

You collected 516 gold pieces.

Inventory:

Hand Weapons
 a - a +0 long sword (weapon)
 r - the +4 spear "Isoonlug" {elec, rN++ Will+ Dex-5 Stlth+}
   (You found it on level 5 of the Dungeon)

   Dex-5:     It affects your dexterity (-5).
   rN++:      It greatly protects you from negative energy.
   Will+:     It increases your willpower.
   Stlth+:    It makes you more stealthy.
 s - a +2 vampiric dagger
Missiles
 w - 16 poisoned darts
 G - 2 curare-tipped darts
 L - 6 boomerangs (quivered)
Armour
 b - a +0 cloak (worn)
 e - the +2 robe "Onuatahu" {rCorr}
   (You found it on level 4 of the Dungeon)

   rCorr:     It protects you from acid and corrosion.
 j - a +0 helmet (worn)
 B - a +2 pair of boots (worn)
 J - +0 steam dragon scales
 K - the +2 robe of the Saviour (worn) {Fly Slay+5}
   (You took it off a kobold on level 8 of the Dungeon)

   Slay+5:    It affects your accuracy & damage with ranged weapons and melee
   (+5).
   Fly:       It grants you flight.
 M - a +0 buckler
Jewellery
 i - a +5 ring of evasion
 k - an amulet of reflection (around neck)
 t - a +4 ring of slaying (right hand)
 z - a ring of protection from fire
 A - a ring of flight
 I - a ring of magical power (left hand)
 P - a +6 ring of intelligence
Wands
 u - a wand of roots (11)
 x - a wand of flame (58)
Scrolls
 c - 2 scrolls of blinking
 g - 2 scrolls of identify
 l - a scroll of fog
 m - 5 scrolls of teleportation {unknown}
 o - a scroll of enchant armour {unknown}
 q - 3 scrolls of poison
 y - a scroll of fear
 C - 3 scrolls of enchant weapon {unknown}
 H - 2 scrolls of amnesia
 O - a scroll of butterflies {unknown}
Potions
 d - a potion of invisibility {unknown}
 f - 6 potions of curing
 h - 3 potions of heal wounds {unknown}
 n - a potion of haste {unknown}
 p - a potion of mutation {unknown}
 v - a potion of berserk rage
 D - a potion of degeneration {unknown}
 E - a potion of lignification {unknown}
 F - 2 potions of brilliance {unknown}
 N - a potion of attraction {unknown}


   Skills:
 * Level 6.2 Fighting
 + Level 1.3(5.0) Short Blades
 + Level 7.6(7.7) Long Blades
 + Level 1.4 Throwing
 - Level 0.7 Armour
 + Level 5.0 Dodging
 + Level 4.3 Stealth
 * Level 3.4 Shields
 * Level 7.0 Spellcasting
 * Level 1.0 Conjurations
 + Level 3.9 Translocations
 * Level 4.2 Ice Magic
 + Level 0.2 Evocations


You had 17 spell levels left.
You knew the following spells:

 Your Spells              Type           Power      Damage    Failure   Level
a - Ozocubu's Armour      Ice            20%        N/A       6%          3
b - Blink                 Tloc           38%        N/A       3%          2
d - Magic Dart            Conj           36%        1d4       8%          1

Your spell library contained the following spells:

 Spells                   Type           Power      Damage    Failure   Level
 Momentum Strike          Conj/Tloc      28%        3d8       6%          2
 Lesser Beckoning         Tloc           38%        N/A       3%          2
 Teleport Other           Tloc           19%        N/A       7%          3
 Sandblast                Erth           10%        2d5       12%         1
 Call Imp                 Summ           10%        N/A       17%         2
 Sublimation of Blood     Necr           5%         N/A       17%         2
 Manifold Assault         Tloc           19%        N/A       22%         4
 Passage of Golubria      Tloc           19%        N/A       22%         4
 Stone Arrow              Conj/Erth      14%        3d7       28%         3
 Passwall                 Erth           5%         N/A       34%         3
 Tukima's Dance           Hex            5%         N/A       34%         3
 Vhi's Electric Charge    Tloc/Air       24%        N/A       45%         4
 Brom's Barrelling Bould  Conj/Erth      7%         2d3       67%         4
 Leda's Liquefaction      Alch/Erth      2%         N/A       75%         4
 Metabolic Englaciation   Hex/Ice        6%         N/A       80%         5
 Alistair's Intoxication  Alch           3%         N/A       97%         5
 Borgnjor's Vile Clutch   Necr/Erth      2%         N/A       97%         5
 Lee's Rapid Deconstruct  Erth           2%         3d5*      97%         5
 Yara's Violent Unravell  Hex/Alch       2%         3d3       97%         5
 Bombard                  Conj/Erth      3%         9d1       100%        6
 Eringya's Noxious Bog    Alch           2%         4d6       100%        6
 Sculpt Simulacrum        Ice/Alch       6%         N/A       100%        6
 Summon Hydra             Summ           2%         N/A       100%        7


Dungeon Overview and Level Annotations

Branches:
Dungeon (9/15)             Temple (1/1) D:5         Ossuary (visited)
   Lair: D:8-11         Orc: D:9-12

Altars:
Ashenzari
Cheibriados
Dithmenos
Elyvilon
Fedhas
Gozag
Hepliaklqana
Kikubaaqudgha
Makhleb
Nemelex Xobeh
Okawaru
Qazlal
Ru
Sif Muna
Trog
Uskayaw
Vehumet
Wu Jian
Xom
Yredelemnul
Zin

Shops:
D:6 :

Annotations:
D:3 2 transporters
D:9 Erolcha


Innate Abilities, Weirdness & Mutations

You have razor-sharp teeth.
Your natural rate of healing is unusually fast.
When hurt, damage is shared between your health and your magic reserves.
Your bite disrupts and absorbs the magic of your enemies.
Potions cannot restore your health.


Message History

Erolcha flickers and vanishes!
The orc wizard falters for a moment.
You slice the orc wizard!!
You kill the orc wizard!
Vehumet accepts your kill.
You hear some strange, mumbled words. x2
A fireball appears from out of thin air!
The fireball explodes!
The fireball engulfs you! The heat melts your icy armour.
Okay, then.
Okay, then.
Okay, then.
As you read the scroll of identify, it crumbles to dust.
v - 2 potions of berserk rage You closely miss something.
Your bite misses something. Something hits you!!
You slash something! You bite something. Something hits you.
You hit something but do no damage. Your bite misses something.
You miss something. You bite something. You drain its magic.
You feel invigorated.
You closely miss something. You bite something! You drain its magic.
You feel invigorated. Something hits you!!
You hit something. Your bite misses something. Something hits you!
* * * LOW HITPOINT WARNING * * *
You hit something. Your bite misses something.
A red film seems to cover your vision as you go berserk!
You feel yourself moving faster!
You feel mighty! Something hits you!
* * * LOW HITPOINT WARNING * * *
You hit something. You bite something! You drain its magic.
You feel invigorated. Something hits you!
* * * LOW HITPOINT WARNING * * *
You closely miss something.
The orc warrior hits you from afar with a +0 trident.
* * * LOW HITPOINT WARNING * * *
You closely miss something. Your bite misses something.
You closely miss something.
The orc warrior hits you but does no damage.
Something hits you!!
* * * LOW HITPOINT WARNING * * *
You hit something.
The orc warrior hits you from afar with a +0 trident!
You die...

#.# #.# #### #
#.# ....
...#####.#####.#
###.
#..O..........#
#.......#####.#
#.....##o# #.#
#.... #{# #.#
#..o #@# #.# #..
#.#####.# #.
#.......# #
#.......#
#.......#
#.......#
#.......#
#.....<.#
#.......#


You could see an orc warrior.

Vanquished Creatures
  Maggie (D:6)
  Sigmund (D:2)
  11 yaks (D:9)
  4 steam dragons
  Edmund (D:6)
  3 water moccasins
  An ice beast (D:5)
  2 orc warriors (D:7)
  A centaur (D:5)
  2 phantoms
  A weeping skull (Ossuary)
  2 kobold brigands
  4 bullfrogs
  3 scorpions
  5 water moccasin zombies (Ossuary)
  4 wights
  4 hounds
  4 jellies
  2 orc priests (D:7)
  A spectral scorpion (Ossuary)
  Crazy Yiuf (D:2)
  2 sleepcaps
  15 orc wizards
  A crocodile zombie (Ossuary)
  2 mummies (Ossuary)
  10 adders
  A shadow imp (D:5)
  2 ufetubi (D:6)
  5 adder zombies (Ossuary)
  A dart slug (D:3)
  3 ribbon worms
  26 orcs
  6 ball pythons
  3 bats
  3 endoplasms
  3 giant cockroaches
  8 gnoll zombies (Ossuary)
  3 goblins
  4 hobgoblins
  4 jackals (D:3)
  2 quokkas
  2 frilled lizards (D:1)
  4 jackal zombies (Ossuary)
  12 kobolds
  5 orc zombies (Ossuary)
  7 rats
192 creatures vanquished.

Notes
Turn   | Place    | Note
-------+----------+-------------------------------------------
     0 | D:1      | Esekla the Vine Stalker Warper began the quest for the Orb.
     0 | D:1      | Reached XP level 1. HP: 11/11 MP: 4/4
   179 | D:1      | Reached XP level 2. HP: 15/15 MP: 6/6
   185 | D:1      | Learned a level 2 spell: Blink
   264 | D:1      | Reached skill level 1 in Throwing
   280 | D:1      | Found a faded altar of an unknown god.
   747 | D:2      | Found a runed translucent door.
   748 | D:2      | Noticed Crazy Yiuf
   913 | D:2      | Reached XP level 3. HP: 13/18 MP: 4/7
  1052 | D:3      | Found a hazy altar of Hepliaklqana.
  1213 | D:2      | Noticed Sigmund
  1232 | D:2      | Killed Sigmund
  1233 | D:2      | Reached XP level 4. HP: 23/23 MP: 7/9
  1233 | D:2      | Reached XP level 5. HP: 28/28 MP: 7/10
  1435 | D:3      | Reached XP level 6. HP: 32/32 MP: 11/11
  1596 | D:3      | Found a transporter.
  1790 | D:3      | Found a transporter.
  1808 | D:3      | Noticed a kobold demonologist
  1965 | D:2      | Killed Crazy Yiuf
  2108 | D:4      | Identified the +2 robe "Onuatahu" {rCorr}
  2214 | D:4      | Reached skill level 1 in Stealth
  2327 | D:4      | Reached XP level 7. HP: 35/36 MP: 10/13
  2569 | D:5      | Entered Level 5 of the Dungeon
  2785 | D:5      | Found a bloodstained altar of Trog.
  2835 | D:5      | Found a sparkling altar of Nemelex Xobeh.
  2835 | D:5      | Found an opulent altar of Gozag.
  2852 | D:5      | Identified the +4 spear "Isoonlug" {elec, rN++ Will+ Dex-5
                  | Stlth+}
  2995 | D:5      | Found a staircase to the Ecumenical Temple.
  3003 | Temple   | Entered the Ecumenical Temple
  3067 | D:5      | Reached skill level 1 in Shields
  3368 | D:5      | Gained mutation: You have razor-sharp teeth. [Vine Stalker
                  | growth]
  3368 | D:5      | Reached XP level 8. HP: 37/42 MP: 13/15
  3414 | D:6      | Found a shimmering blue altar of Sif Muna.
  3414 | D:6      | Found a basalt altar of Yredelemnul.
  3867 | D:6      | Learned a level 3 spell: Ozocubu's Armour
  3935 | D:6      | Reached skill level 5 in Long Blades
  3987 | D:6      | Found a radiant altar of Vehumet.
  3997 | D:6      | Became a worshipper of Vehumet
  4059 | D:6      | Noticed Maggie
  4099 | D:7      | Reached skill level 5 in Spellcasting
  4191 | D:7      | Reached skill level 1 in Ice Magic
  4300 | D:7      | Reached XP level 9. HP: 46/46 MP: 17/17
  4662 | D:7      | Found a sand-covered staircase.
  4667 | Ossuary  | Entered an ossuary
  4695 | Ossuary  | Reached * piety under Vehumet
  4695 | Ossuary  | Offered knowledge of Magic Dart by Vehumet.
  4774 | Ossuary  | Reached skill level 5 in Fighting
  5474 | D:6      | Killed Maggie
  5475 | D:6      | Reached XP level 10. HP: 46/52 MP: 20/20
  5632 | D:6      | Noticed a walking crystal tome
  5634 | D:6      | Found Sici's Book Shop.
  5636 | D:6      | Noticed a walking earthen tome
  5636 | D:6      | Noticed Edmund
  5657 | D:6      | Killed Edmund
  5766 | D:6      | Learned a level 1 spell: Magic Dart
  6091 | D:8      | Identified the +2 robe of the Saviour {Fly Slay+5}
  6103 | D:8      | Offered knowledge of Momentum Strike by Vehumet.
  6217 | D:8      | Reached ** piety under Vehumet
  6749 | D:9      | Found a broken altar of Ashenzari.
  6750 | D:9      | Found a shimmering altar of Xom.
  6756 | D:9      | Found an iron altar of Okawaru.
  6758 | D:9      | Found an ornate altar of the Wu Jian Council.
  6763 | D:9      | Found an ancient bone altar of Kikubaaqudgha.
  6765 | D:9      | Found a stormy altar of Qazlal.
  6930 | D:9      | Reached skill level 1 in Short Blades
  6948 | D:9      | Noticed a death yak
  6949 | D:9      | Noticed Erolcha
  6955 | D:9      | Noticed a death yak
  6957 | D:9      | Noticed a death yak
  6961 | D:9      | Reached skill level 5 in Dodging
  6961 | D:9      | Reached skill level 1 in Conjurations
  7032 | D:9      | HP: 1/79 [something (13)]
  7033 | D:9      | Mangled by an orc warrior

Illustrated notes

Levels and vault maps discovered:
D:1:      minmay_arrival_wavy_path, layout_basic, shapermc_ecumenical_altar_gd,
          corner_web_ring, serial_bayou_crossing
D:2:      layout_basic, uniq_crazy_yiuf_cottage, uniq_sigmund
D:3:      gammafunk_wand_slinger, layout_rooms,
          mainiacjoe_overflow_cross_hatched, eino_tiny_chamber,
          chequers_decorated_corner, eino_tiny_chamber
D:4:      layout_basic
D:5:      layout_loops_ring, grunt_temple_overflow_opulence,
          kennysheep_mini_moat, minmay_temple_entry_mist
D:6:      kennysheep_steamy, layout_rooms, vehumet_altar_wand_db,
          mainiacjoe_overflow_large_starburst, serial_shops,
          nicolae_shop_mannequins, uniq_maggie, uniq_edmund
D:7:      layout_basic, nicolae_ossuary_entry_false_entrances, minmay_crossroads
D:8:      layout_cave_pods, minmay_statues_item
D:9:      layout_small_grid, nicolae_tso_swordbearing_angel,
          nicolae_overflow_hallway_of_the_gods, dpeg_lair_monsters,
          nicolae_diode_stairs, uniq_erolcha
Temple:   nicolae_temple_two_arcs

Skill      XL: |  1  2  3  4  5  6  7  8  9 10 |
---------------+-------------------------------+-----
Fighting       | 2 3 4 5 6 |  6.2
Throwing       | 1 |  1.4
Long Blades    | 2 3 4 5 7 |  7.6
Dodging        | 2 3 4 5 |  5.0
Spellcasting   | 3 4 5 6 7 |  7.0
Stealth        | 1 2 3 4 |  4.3
Shields        | 1 2 3 |  3.4
Ice Magic      | 1 3 4 |  4.2
Short Blades   | 1 |  1.3
Conjurations   | 1 |  1.0
Armour         | |  0.7
Translocations | |  3.9
Evocations     | |  0.2

Action                     |  1- 3 |  4- 6 |  7- 9 | 10-12 || total
---------------------------+-------+-------+-------+-------++-------
  Melee: Falchion          |   108 |   123 |    76 |       ||   307
         Bite              |    26 |    34 |   118 |    42 ||   220
         Dagger            |       |     3 |    13 |     2 ||    18
         Punch             |       |     3 |     7 |     1 ||    11
         Long sword        |       |       |   260 |   130 ||   390
  Throw: Dart              |       |     7 |       |       ||     7
         Boomerang         |       |       |       |     2 ||     2
   Cast: Blink             |       |       |     1 |     1 ||     2
         Ozocubu's Armour  |       |       |     1 |     5 ||     6
  Evoke: Wand              |       |       |     2 |       ||     2
    Use: Scroll            |       |     1 |     7 |     1 ||     9
         Potion            |       |       |       |     2 ||     2
   Stab: Sleeping          |       |     2 |     5 |     1 ||     8
 Armour: Leather armour    |    45 |       |       |       ||    45
         Robe              |     2 |    38 |   149 |    44 ||   233
         Skin              |       |     1 |       |       ||     1
         Steam dragon scal |       |       |       |    34 ||    34
  Dodge: Dodged            |    68 |    85 |   198 |    36 ||   387
  Block: Other             |     5 |    29 |    62 |    26 ||   122
         Reflection        |       |     2 |       |     3 ||     5
